 Dungeon Crawl Stone Soup version 0.28-a0-60-g54b5640690 (webtiles) character file.

Game seed: 4769363078855865243

315 IdlyInterested the Cutter (level 6, -3/37 HPs)
             Began as a Kobold Fighter on July 30, 2021.
             Slain by a hornet zombie (7 damage)
             ... on level 4 of the Dungeon.
             The game lasted 00:07:47 (4808 turns).

IdlyInterested the Cutter (Kobold Fighter)          Turns: 4808, Time: 00:07:48

Health: -3/37      AC: 11    Str: 13    XL:     6   Next: 72%
Magic:  6/6        EV:  7    Int: 12    God:
Gold:   109        SH:  6    Dex: 14    Spells: 5/5 levels left

rFire   . . .      SeeInvis .   v - +2 dagger (venom)
rCold   . . .      Faith    .   c - +0 buckler
rNeg    . . .      Spirit   .   h - +0 chain mail
rPois   .          Reflect  .   (no helmet)
rElec   .          Harm     .   q - +2 cloak
rCorr   .          Rampage  .   (no gloves)
Will    .....                   (no boots)
Stlth   ..........              (no amulet)
HPRegen 0.12/turn               (no ring)
MPRegen 0.10/turn               (no ring)

@: no status effects
A: small, no large weapons, nightstalker 3
a: no special abilities


You were on level 4 of the Dungeon.
You visited 1 branch of the dungeon, and saw 4 of its levels.

You collected 109 gold pieces.

Inventory:

Hand Weapons
 a - a +0 rapier
 n - a +4 dagger
 v - a +2 dagger of venom (weapon)
Missiles
 e - 89 stones
 j - 14 poisoned darts (quivered)
 x - 7 boomerangs
Armour
 b - a +0 scale mail
 c - a +0 buckler (worn)
 h - a +0 chain mail (worn)
 m - a +0 leather armour
 q - a +2 cloak (worn)
 r - a +0 ring mail
Scrolls
 f - 2 scrolls of teleportation {unknown}
 g - a scroll of enchant armour {unknown}
 k - 3 scrolls of noise {unknown}
 p - 3 scrolls of magic mapping {unknown}
 s - a scroll of enchant weapon {unknown}
 t - 2 scrolls of identify {unknown}
 w - a scroll of amnesia {unknown}
 y - a scroll of summoning {unknown}
Potions
 d - 2 potions of might
 i - a potion of lignification {unknown}
 l - 2 potions of curing
 o - 2 potions of mutation {unknown}
 u - 2 potions of attraction {unknown}
 z - a potion of ambrosia {unknown}


   Skills:
 - Level 3.2 Fighting
 + Level 6.1 Short Blades
 - Level 2.4 Armour
 * Level 4.6 Shields


You had 5 spell levels left.
You didn't know any spells.
Your spell library contained the following spells:

 Spells                   Type           Power      Damage    Failure   Level
 Sandblast                Erth           0%         2d4       100%        1
 Passwall                 Tmut/Erth      0%         N/A       100%        2
 Lee's Rapid Deconstruct  Erth           0%         3d5*      100%        5


Dungeon Overview and Level Annotations

Branches:
Dungeon (4/15)
 Temple: D:4-7

Altars:

Shops:
D:1 ?

Annotations:
D:4 1 runed translucent door, pukegreen's ghost, novice OpCj


Innate Abilities, Weirdness & Mutations

You are small and have problems with some larger weapons.
You are completely attuned to the shadows.


Message History

The hornet zombie is heavily damaged.
The hornet zombie hits you!
You closely miss the hornet zombie.
The hornet zombie is heavily damaged.
The hornet zombie barely misses you.
You barely miss the hornet zombie.
The hornet zombie is heavily damaged.
The hornet zombie hits you but does no damage.
You hit the hornet zombie.
The hornet zombie is heavily damaged.
You hit the hornet zombie but do no damage.
The hornet zombie is heavily damaged.
The hornet zombie closely misses you.
You hit the hornet zombie.
The hornet zombie is heavily damaged.
The hornet zombie closely misses you.
You hit the hornet zombie.
The hornet zombie is heavily damaged.
The hornet zombie barely misses you.
Your chain mail prevents you from hitting the hornet zombie.
The hornet zombie is heavily damaged.
You block the hornet zombie's attack.
You closely miss the hornet zombie.
The hornet zombie is heavily damaged.
You block the hornet zombie's attack.
Your chain mail prevents you from hitting the hornet zombie.
The hornet zombie is heavily damaged.
You block the hornet zombie's attack.
You hit the hornet zombie but do no damage.
The hornet zombie is heavily damaged.
The hornet zombie hits you.
* * * LOW HITPOINT WARNING * * *
You closely miss the hornet zombie.
The hornet zombie is heavily damaged.
The hornet zombie hits you.
* * * LOW HITPOINT WARNING * * *
You hit the hornet zombie.
The hornet zombie is heavily damaged.
The hornet zombie hits you!
You die...

.......#.
<........#
........##
#Z......##
#.@.......
#......###.
#..##......
#.####.....
.#. ###...#.
...##....#..
#.#..##.##.
#.........
#.........#


You could see a hornet zombie.

Vanquished Creatures
  A water moccasin (D:3)
  Natasha (thrice) (D:2)
  A hound skeleton (D:4)
  4 adders
  2 worms (D:2)
  3 dart slugs
  5 orcs (D:3)
  9 ball pythons
  5 bats
  2 endoplasms
  A giant cockroach (D:1)
  6 goblins
  5 hobgoblins
  8 jackals
  5 quokkas
  2 frilled lizards
  4 kobolds
  3 rats
69 creatures vanquished.

Vanquished Creatures (others)
  21 plants (D:1)
21 creatures vanquished.

Grand Total: 90 creatures vanquished

Notes
Turn   | Place    | Note
-------+----------+-------------------------------------------
     0 | D:1      | IdlyInterested the Kobold Fighter began the quest for the
                  | Orb.
     0 | D:1      | Reached XP level 1. HP: 14/14 MP: 1/1
    64 | D:1      | Reached XP level 2. HP: 5/19 MP: 2/2
   588 | D:1      | Noticed a great orb of eyes
   589 | D:1      | Noticed a great orb of eyes
   598 | D:1      | Found a faded altar of an unknown god.
   598 | D:1      | Noticed a floating eye
   609 | D:1      | Reached skill level 3 in Short Blades
   609 | D:1      | Reached XP level 3. HP: 23/23 MP: 3/3
   611 | D:1      | Noticed a golden eye
   713 | D:1      | Found Igaowua's Magic Scroll Shoppe.
  1925 | D:2      | Reached XP level 4. HP: 25/28 MP: 4/4
  2120 | D:2      | Noticed Natasha
  2129 | D:2      | Killed Natasha
  2130 | D:2      | Reached skill level 4 in Short Blades
  2444 | D:2      | Reached XP level 5. HP: 30/32 MP: 5/5
  2636 | D:2      | Noticed Natasha
  2649 | D:2      | Killed Natasha
  2952 | D:2      | Noticed Natasha
  2967 | D:2      | Killed Natasha
  3408 | D:3      | Noticed a water moccasin
  3427 | D:3      | Killed a water moccasin
  3428 | D:3      | Reached skill level 5 in Short Blades
  3428 | D:3      | Reached XP level 6. HP: 4/37 MP: 6/6
  4437 | D:3      | Reached skill level 6 in Short Blades
  4658 | D:4      | Noticed pukegreen's ghost (novice OpCj)
  4767 | D:4      | Found a runed translucent gate.
  4808 | D:4      | Slain by a hornet zombie

Illustrated notes

Levels and vault maps discovered:
D:1:      denvon_arrival_planthouse, layout_rooms, serial_shops, shop,
          hellmonk_ecumenical_altar_watching_god, hangedman_feature_mirror,
          minmay_misc_feat_five, minivault_26
D:2:      layout_basic, uniq_natasha
D:3:      layout_loops_ring
D:4:      minmay_diamond_boxcup, layout_cave_pools, gammafunk_ghost_split,
          uniq_sigmund

Skill      XL: |  1  2  3  4  5  6 |
---------------+-------------------+-----
Shields        | 3 4 |  4.6
Short Blades   | 3 4 5 6 |  6.1
Fighting       | |  3.2
Armour         | |  2.4

Action                   |  1- 3 |  4- 6 || total
-------------------------+-------+-------++-------
Melee: Rapier            |   140 |       ||   140
       Dagger            |    59 |   183 ||   242
Throw: Dart              |       |     6 ||     6
  Use: Potion            |       |     1 ||     1
Armor: Scale mail        |    31 |       ||    31
       Chain mail        |    18 |    64 ||    82
Dodge: Dodged            |    38 |    36 ||    74
Block: Buckler           |    25 |    26 ||    51

Table legend: (Time is in decaauts)
 A = Elapsed time spent in this place.
 B = Non-inter-level travel time spent in this place.
 C = Inter-level travel time spent in this place.
 D = Time resting spent in this place.
 E = Time spent auto-exploring this place.
 F = Levels seen in this place.
 G = Mean time per level.
                   A        B        C        D        E       F      G
               +--------+--------+--------+--------+--------+-----+--------+
         Total |   4777 |   4592 |    185 |   1558 |   2332 |   4 | 1194.2 |
       Dungeon |   4777 |   4592 |    185 |   1558 |   2332 |   4 | 1194.2 |
               +--------+--------+--------+--------+--------+-----+--------+

Top non-repeatable levels by time:
     D:2: 2348 daAuts
     D:3: 1184 daAuts
     D:1: 1060 daAuts
     D:4: 182 daAuts
